AoeStats
← kuroba

Runestones

508462962Analyzed
1v1 RM · 11d ago on Sep 22, 2026· 32m 58s· 2 players
Game mode
Random Map
Map size
Tiny (2 player)
Population
200
Speed
Normal
Resources
Standard
Victory
Conquest
Starting age
Dark Age
Ending age
Imperial Age
RankedLock teamsTeams togetherTeam positionsShared explorationLock speedFull tech treeHidden civsTurbo modeCheats
Victory
Defeat
🇩🇪 Danes · Germany
1052
+34
🇵🇹 Franks · Portugal
1070
-17
Derbion12
5:26 Loom
5:45 Loom
9:46 Feudal Age
9:50 Man-at-Arms
12:39 Wheelbarrow
11:50 Town Watch
12:42 Arson
15:53 Horse Collar
17:50 Scale Mail Armor
18:01 Forging
25:04 Castle Age
23:59 Double-Bit Axe
25:58 Long Swordsman
26:23 Gambesons
30:24 Bow Saw
30:06 Gold Mining
30:23 Town Patrol
31:46 Iron Casting
31:27 Chain Mail Armor
kuroba
12:35 Feudal Age
12:42 Loom
14:09 Man-at-Arms
17:55 Town Watch
Connection lost

Rejoining the realm…

Still unreachable

The connection could not be restored.

Session expired

The server has moved on; the page needs a fresh start.